BSA
POCATELLO BOCCABELLAS @ SPRINGFIELD STARS
07/09/2026
 
TOP OF THE 1ST
Pocatello Boccabellas batting - Pitching for Springfield Stars : LHP Brock Morris
Pitching: LHP Brock Morris
Batting: RHB José García 0-0: Called Strike
0-1: Ball
1-1: Ground out U3 (Groundball, 3S)
Batting: LHB Norberto Muńóz 0-0: SINGLE (Groundball, 34D)
Batting: RHB Francisco Sandoval 0-0: Grounds into double play, 4-6-3 (Groundball, 34)
Top of the 1st over - 0 run(s), 1 hit(s), 0 error(s), 0 left on base; Pocatello 0 - Springfield 0
BOTTOM OF THE 1ST
Springfield Stars batting - Pitching for Pocatello Boccabellas : LHP Martin Lowry
Pitching: LHP Martin Lowry
Batting: RHB Norberto Taváres 0-0: Reached on error, E4 (Groundball, 4)
Batting: RHB Calvin Bennett 0-0: Ball
1-0: Ball
2-0: Foul Ball, location: 2F
2-1: Foul Ball, location: 2F
2-2: Reached on error, E6 (Groundball, 6)
Norberto Taváres to second
Batting: LHB Derek Davidson 0-0: Ball
1-0: Foul Ball, location: 2F
1-1: Fly out, F8 (Flyball, 8RM)
Batting: LHB Felipe Guerrero 0-0: Called Strike
0-1: Ball
Wild Pitch!
Norberto Taváres to third
Calvin Bennett to second
1-1: 3-RUN HOME RUN (Flyball, 9LD), Distance : 465 ft
Batting: RHB Juan Rodríguez 0-0: Ball
1-0: Ball
2-0: Called Strike
2-1: Ball
3-1: Called Strike
3-2: Base on Balls
Batting: RHB Juan Carlos Rodríguez 0-0: Called Strike
Juan Rodríguez steals 2nd base
0-1: Swinging Strike
0-2: Ball
1-2: Ground out 5-3 (Groundball, 56S)
Juan Rodríguez to third
Batting: SHB Shane Hutchinson 0-0: Foul Ball, location: 2F
0-1: Ball
1-1: Ball
2-1: Ball
3-1: Base on Balls
Batting: RHB Will Sterling 0-0: Called Strike
0-1: Ground out 5-3 (Groundball, 5L)
Bottom of the 1st over - 3 run(s), 1 hit(s), 2 error(s), 2 left on base; Pocatello 0 - Springfield 3
TOP OF THE 2ND
Pocatello Boccabellas batting - Pitching for Springfield Stars : LHP Brock Morris
Batting: LHB Juan Cortés 0-0: Foul Ball, location: 2F
0-1: Ball
1-1: Ball
2-1: Ground out 4-3 (Groundball, 4)
Batting: RHB Pedro Guzmán 0-0: Ball
1-0: Foul Ball, location: 2F
1-1: Swinging Strike
1-2: Ball
2-2: Foul Ball, location: 2F
2-2: Foul Ball, location: 2F
2-2: Strikes out swinging
Batting: SHB Glenn Vadnais 0-0: Called Strike
0-1: Ball
1-1: Foul Ball, location: 2F
1-2: Ball
2-2: Foul Ball, location: 2F
2-2: Foul Ball, location: 2F
2-2: Fly out, F9 (Flyball, 9D)
Top of the 2nd over - 0 run(s), 0 hit(s), 0 error(s), 0 left on base; Pocatello 0 - Springfield 3
BOTTOM OF THE 2ND
Springfield Stars batting - Pitching for Pocatello Boccabellas : LHP Martin Lowry
Batting: LHB Jesús Tobías 0-0: Ball
1-0: Ball
2-0: Ball
3-0: Base on Balls
Batting: RHB Norberto Taváres 0-0: Swinging Strike
0-1: Ball
1-1: Foul Ball, location: 2F
1-2: Foul Ball, location: 2F
1-2: Strikes out swinging
Batting: RHB Calvin Bennett 0-0: Ball
1-0: Ball
2-0: Called Strike
2-1: Foul Ball, location: 2F
2-2: Foul Ball, location: 2F
2-2: Fly out, F6 (Popup, 56D)
Batting: LHB Derek Davidson 0-0: Foul Ball, location: 2F
0-1: Ball
1-1: Ball
2-1: Ball
3-1: Fly out, F2 (Popup, 25F)
Bottom of the 2nd over - 0 run(s), 0 hit(s), 0 error(s), 1 left on base; Pocatello 0 - Springfield 3
TOP OF THE 3RD
Pocatello Boccabellas batting - Pitching for Springfield Stars : LHP Brock Morris
Batting: RHB Carl Bryant 0-0: Ball
1-0: Ball
2-0: Foul Ball, location: 2F
2-1: Swinging Strike
2-2: Strikes out looking
Batting: RHB Fabrice Brodeur 0-0: Ball
1-0: Foul Ball, location: 2F
1-1: Foul Ball, location: 2F
1-2: DOUBLE (Line Drive, 9M)
Batting: RHB Chris Parker 0-0: Ball
1-0: Ball
2-0: Ball
3-0: Called Strike
3-1: Foul Ball, location: 2F
3-2: TRIPLE (Line Drive, 9LM)
Fabrice Brodeur scores
Batting: RHB José García 0-0: Swinging Strike
0-1: Ball
1-1: Ball
2-1: Ball
3-1: Base on Balls
Batting: LHB Norberto Muńóz 0-0: Foul Ball, location: 2F
0-1: Swinging Strike
0-2: Ball
1-2: Ball
2-2: Strikes out looking
Batting: RHB Francisco Sandoval 0-0: Ball
1-0: Foul Ball, location: 2F
1-1: Fly out, F1 (Line Drive, 15)
Top of the 3rd over - 1 run(s), 2 hit(s), 0 error(s), 2 left on base; Pocatello 1 - Springfield 3
BOTTOM OF THE 3RD
Springfield Stars batting - Pitching for Pocatello Boccabellas : LHP Martin Lowry
Batting: LHB Felipe Guerrero 0-0: Called Strike
0-1: Foul Ball, location: 2F
0-2: Ball
1-2: Fly out, F7 (Flyball, 7D)
Batting: RHB Juan Rodríguez 0-0: Called Strike
0-1: Called Strike
0-2: SINGLE (Groundball, 56D)
Batting: RHB Juan Carlos Rodríguez 0-0: 2-RUN HOME RUN (Flyball, 7D), Distance : 391 ft
Batting: SHB Shane Hutchinson 0-0: Ball
1-0: Swinging Strike
1-1: Called Strike
1-2: Foul Ball, location: 2F
1-2: Ball
2-2: Ball
3-2: Foul Ball, location: 2F
3-2: Fly out, F6 (Popup, 6D)
Batting: RHB Will Sterling 0-0: Called Strike
0-1: Ball
1-1: Called Strike
1-2: Foul Ball, location: 2F
1-2: Ground out 4-3 (Groundball, 34)
Bottom of the 3rd over - 2 run(s), 2 hit(s), 0 error(s), 0 left on base; Pocatello 1 - Springfield 5
TOP OF THE 4TH
Pocatello Boccabellas batting - Pitching for Springfield Stars : LHP Brock Morris
Batting: LHB Juan Cortés 0-0: Foul Ball, location: 2F
0-1: Ball
Reached via error on a dropped throw, E1
Batting: RHB Pedro Guzmán 0-0: Ball
1-0: Swinging Strike
1-1: Ball
Juan Cortés steals 2nd base
2-1: Ground out 6-3 (Groundball, 6)
Juan Cortés to third
Batting: SHB Glenn Vadnais 0-0: Ball
1-0: Ground out 5-3 (Groundball, 56)
Juan Cortés scores
Batting: RHB Carl Bryant 0-0: Called Strike
0-1: Ball
1-1: Ball
2-1: Ball
3-1: Fly out, F7 (Line Drive, 7M)
Top of the 4th over - 1 run(s), 0 hit(s), 1 error(s), 0 left on base; Pocatello 2 - Springfield 5
BOTTOM OF THE 4TH
Springfield Stars batting - Pitching for Pocatello Boccabellas : LHP Martin Lowry
Batting: LHB Jesús Tobías 0-0: Ball
1-0: Foul Ball, location: 2F
1-1: Fly out, F7 (Flyball, 78M)
Batting: RHB Norberto Taváres 0-0: Ball
1-0: Foul Ball, location: 2F
1-1: Foul Ball, location: 2F
1-2: Foul Ball, location: 2F
1-2: Foul Ball, location: 2F
1-2: Ball
2-2: Foul Ball, location: 2F
2-2: Ball
3-2: SINGLE (Line Drive, 56D)
Batting: RHB Calvin Bennett Balk!
Norberto Taváres to second
0-0: Ball
1-0: Ball
2-0: Fly out, F8 (Line Drive, 8RD)
Runner from 2nd tags up, SAFE at 3rd, no throw
Batting: LHB Derek Davidson 0-0: Ball
1-0: Called Strike
1-1: Called Strike
1-2: Fly out, F8 (Flyball, 8RXD)
Bottom of the 4th over - 0 run(s), 1 hit(s), 0 error(s), 1 left on base; Pocatello 2 - Springfield 5
TOP OF THE 5TH
Pocatello Boccabellas batting - Pitching for Springfield Stars : LHP Brock Morris
Batting: RHB Fabrice Brodeur 0-0: Swinging Strike
0-1: Ball
1-1: Ball
2-1: Foul Ball, location: 2F
2-2: Ball
3-2: Ground out 6-3 (Groundball, 6)
Batting: RHB Chris Parker 0-0: Called Strike
0-1: Fly out, F9 (Flyball, 89M)
Batting: RHB José García 0-0: Ball
1-0: Swinging Strike
1-1: Ball
2-1: Ball
3-1: Called Strike
3-2: Ground out 6-3 (Groundball, 6)
Top of the 5th over - 0 run(s), 0 hit(s), 0 error(s), 0 left on base; Pocatello 2 - Springfield 5
BOTTOM OF THE 5TH
Springfield Stars batting - Pitching for Pocatello Boccabellas : LHP Martin Lowry
Batting: LHB Felipe Guerrero 0-0: Fly out, F7 (Flyball, 7LM)
Batting: RHB Juan Rodríguez 0-0: Ball
1-0: Swinging Strike
1-1: Ball
2-1: Foul Ball, location: 2F
2-2: SINGLE (Line Drive, 6D)
Batting: RHB Juan Carlos Rodríguez 0-0: Ball
1-0: Foul Ball, location: 2F
1-1: Ball
2-1: Ball
3-1: Grounds into double play, 6-4-3 (Groundball, 6)
Bottom of the 5th over - 0 run(s), 1 hit(s), 0 error(s), 0 left on base; Pocatello 2 - Springfield 5
TOP OF THE 6TH
Pocatello Boccabellas batting - Pitching for Springfield Stars : LHP Brock Morris
Batting: LHB Norberto Muńóz 0-0: Called Strike
0-1: Foul Ball, location: 2F
0-2: DOUBLE (Groundball, 5L)
Batting: RHB Francisco Sandoval 0-0: Called Strike
0-1: Ball
1-1: Foul Ball, location: 2F
1-2: Foul Ball, location: 2F
1-2: Ball
2-2: Ball
3-2: Ground out 4-3 (Groundball, 34)
Norberto Muńóz to third
Batting: LHB Juan Cortés 0-0: Called Strike
0-1: Ball
1-1: Ball
2-1: Ball
3-1: Ground out U3 (Groundball, 3S)
Batting: RHB Pedro Guzmán 0-0: Ground out 5-3 (Groundball, 56S)
Top of the 6th over - 0 run(s), 1 hit(s), 0 error(s), 1 left on base; Pocatello 2 - Springfield 5
BOTTOM OF THE 6TH
Springfield Stars batting - Pitching for Pocatello Boccabellas : LHP Martin Lowry
Pitching: RHP Mike Pierce
Batting: SHB Shane Hutchinson 0-0: Called Strike
0-1: Called Strike
0-2: Ball
1-2: Strikes out swinging
Batting: RHB Will Sterling 0-0: Ball
1-0: Ball
2-0: Foul Ball, location: 2F
2-1: Foul Ball, location: 2F
2-2: Foul Ball, location: 2F
2-2: SINGLE (Line Drive, 56D)
Batting: LHB Jesús Tobías 0-0: Ball
1-0: Ground out U3 (Groundball, 3)
Will Sterling to second
Batting: RHB Norberto Taváres 0-0: Called Strike
0-1: Foul Ball, location: 2F
0-2: Ball
1-2: Ball
2-2: Ball
3-2: Ground out 5-3 (Groundball, 56)
Bottom of the 6th over - 0 run(s), 1 hit(s), 0 error(s), 1 left on base; Pocatello 2 - Springfield 5
TOP OF THE 7TH
Pocatello Boccabellas batting - Pitching for Springfield Stars : LHP Brock Morris
Pitching: RHP Jorge Delgado
Batting: SHB Glenn Vadnais 0-0: Foul Ball, location: 2F
0-1: Called Strike
0-2: Ball
1-2: Foul Ball, location: 2F
1-2: Foul Ball, location: 2F
1-2: Ground out 4-3 (Groundball, 4M)
Batting: RHB Carl Bryant 0-0: Ball
1-0: Foul Ball, location: 2F
1-1: Ground out 5-3 (Groundball, 5S)
Batting: RHB Fabrice Brodeur 0-0: Called Strike
0-1: Swinging Strike
0-2: Ball
1-2: Ball
2-2: SINGLE (Groundball, 34S)
Batting: RHB Chris Parker 0-0: Foul Ball, location: 2F
0-1: Ball
1-1: Foul Ball, location: 2F
1-2: Ball
2-2: Fly out, F4 (Popup, 3DF)
Top of the 7th over - 0 run(s), 1 hit(s), 0 error(s), 1 left on base; Pocatello 2 - Springfield 5
BOTTOM OF THE 7TH
Springfield Stars batting - Pitching for Pocatello Boccabellas : RHP Mike Pierce
Batting: RHB Calvin Bennett 0-0: Called Strike
0-1: Foul Ball, location: 2F
0-2: Ball
1-2: Ball
2-2: Ground out 6-3 (Groundball, 6)
Batting: LHB Derek Davidson 0-0: Fly out, F9 (Line Drive, 9M)
Batting: LHB Felipe Guerrero 0-0: Called Strike
0-1: Ball
1-1: Foul Ball, location: 2F
1-2: Ball
2-2: Foul Ball, location: 2F
2-2: Foul Ball, location: 2F
2-2: Strikes out looking
Bottom of the 7th over - 0 run(s), 0 hit(s), 0 error(s), 0 left on base; Pocatello 2 - Springfield 5
TOP OF THE 8TH
Pocatello Boccabellas batting - Pitching for Springfield Stars : RHP Jorge Delgado
Batting: RHB José García 0-0: Ball
1-0: Ball
2-0: Called Strike
2-1: Foul Ball, location: 2F
2-2: Strikes out swinging
Batting: LHB Norberto Muńóz 0-0: Foul Ball, location: 2F
0-1: Foul Ball, location: 2F
0-2: Ball
1-2: Strikes out swinging
Batting: RHB Francisco Sandoval 0-0: Ball
1-0: Called Strike
1-1: Ground out 6-3 (Groundball, 6)
Top of the 8th over - 0 run(s), 0 hit(s), 0 error(s), 0 left on base; Pocatello 2 - Springfield 5
BOTTOM OF THE 8TH
Springfield Stars batting - Pitching for Pocatello Boccabellas : RHP Mike Pierce
Pitching: RHP Jaime Espinoza
Batting: RHB Juan Rodríguez 0-0: Ground out 6-3 (Groundball, 6)
Batting: RHB Juan Carlos Rodríguez 0-0: Ball
1-0: Ground out 1-3 (Groundball, 13S)
Batting: SHB Shane Hutchinson 0-0: Swinging Strike
0-1: Ball
1-1: Fly out, F8 (Flyball, 8LXD)
Bottom of the 8th over - 0 run(s), 0 hit(s), 0 error(s), 0 left on base; Pocatello 2 - Springfield 5
TOP OF THE 9TH
Pocatello Boccabellas batting - Pitching for Springfield Stars : RHP Jorge Delgado
Pitching: RHP José Valdéz
Batting: LHB Juan Cortés 0-0: Ball
1-0: Ball
2-0: Called Strike
2-1: Ball
3-1: Base on Balls
Batting: RHB Pedro Guzmán 0-0: Foul Ball, location: 2F
0-1: Ball
1-1: Swinging Strike
1-2: Ball
2-2: Strikes out swinging
Batting: SHB Glenn Vadnais 0-0: Ball
1-0: Ball
2-0: Foul Ball, location: 2F
2-1: Fielders Choice at 2nd, 3-6 (Groundball, 3)
Batting: RHB Carl Bryant 0-0: Ball
1-0: Ball
2-0: Ball
3-0: Called Strike
3-1: Base on Balls
Glenn Vadnais to second
Batting: RHB Fabrice Brodeur 0-0: Ground out 4-3 (Groundball, 4S)
Top of the 9th over - 0 run(s), 0 hit(s), 0 error(s), 2 left on base; Pocatello 2 - Springfield 5
Monday, December 5th, 2016 - OOTP Baseball 17.12 Build 75